 Dungeon Crawl Stone Soup version 0.17.1-3-g152610e (webtiles) character file.

71 moxian the Skirmisher (level 4, 0/37 HPs)
             Began as a Human Wanderer on Apr 19, 2016.
             Succumbed to an adder's poison
             ... on level 2 of the Dungeon on Apr 20, 2016.
             The game lasted 00:08:57 (2534 turns).

moxian the Skirmisher (Human Wanderer)              Turns: 2534, Time: 00:08:57

Health: 0/37       AC:  4    Str: 12    XL:     4   Next: 47%
Magic:  4/4        EV: 12    Int: 12    God:
Gold:   96         SH:  0    Dex: 14    Spells: 0 memorised, 3 levels left

rFire  . . .     SeeInvis .     a - +0 hand axe
rCold  . . .     Clarity  .     i - +0 leather armour
rNeg   . . .     SustAt   .     (no shield)
rPois  .         Gourm    .     l - +0 helmet
rElec  .         Spirit   .     (no cloak)
rCorr  .         Warding  .     (no gloves)
rMut   .         Stasis   .     (no boots)
MR     +....                    (no amulet)
Stlth  +.........               (no ring)
                                f - ring of protection from magic

@: lethally poisoned (0 -> -6), somewhat resistant to hostile enchantments, very
unstealthy
A: no striking features
a: no special abilities


You were on level 2 of the Dungeon.
You were hungry.

You visited 1 branch of the dungeon, and saw 2 of its levels.

You collected 96 gold pieces.

Inventory:

Hand Weapons
 a - a +0 hand axe (weapon)
 b - a +0 hunting sling
 c - a +0 club
 j - a +0 mace
 x - a +2 short sword
Missiles
 h - 10 poisoned needles
 m - 49 arrows
 q - 26 stones (quivered)
Armour
 d - a +0 robe
 i - a +0 leather armour (worn)
 l - a +0 helmet (worn)
Jewellery
 f - a ring of protection from magic (left hand)
Scrolls
 g - a scroll of fear {unknown}
 n - a scroll of enchant armour {unknown}
 o - a scroll of immolation {unknown}
 s - 3 scrolls of remove curse {unknown}
 u - 2 scrolls of identify {unknown}
 v - a scroll of recharging {unknown}
Potions
 p - a potion of might {unknown}
 t - a potion of lignification {unknown}
Comestibles
 e - a bread ration
 k - 4 fruits
 r - a meat ration
 w - a chunk of flesh


   Skills:
 + Level 3.8 Fighting
 + Level 1.0 Short Blades
 + Level 2.4 Axes
 + Level 2.0 Throwing
 + Level 1.6 Armour
 + Level 2.2 Dodging
 + Level 0.2 Stealth


You had 3 spell levels left.
You didn't know any spells.

Dungeon Overview and Level Annotations

Branches:
Dungeon (2/15)

Altars:
Okawaru
Yredelemnul

Annotations:
D:2 Robin


Message History

The adder is heavily wounded.
* * * LOW HITPOINT WARNING * * *
You feel sick. The adder closely misses you.
You closely miss the adder.
The adder is heavily wounded.
The adder barely misses you. The adder bites you.
* * * LOW HITPOINT WARNING * * *
You hit the adder.
The adder is almost dead.
The adder misses you.
You barely miss the adder.
The adder is almost dead.
* * * LOW HITPOINT WARNING * * *
You feel sick. The adder bites you but does no damage. The adder bites you.
* * * LOW HITPOINT WARNING * * *
You are more poisoned.
The adder poisons you!
You barely miss the adder.
The adder is almost dead.
You die...

##.##...###.####.....##.##g#.####
.............. ##..g##...........
#...##†## ###(#######.#.....
...>.#..#### #.).........#####.
...........## #.###############.
......(.#...####.# #.......
#......###.....#.# ####.#.###.
##............wS.# #....#.###.
#...#.(.).#..##@# ####.#..#..##.
#..##.._..##.##.###....#.....##.
#...#.....#..##...>.#..#.#...##.
#............######.#....##.####
###...###...## #.#.##.##.#
##...#...## #...##.##.# ##......#
######.##.# # #.####.# #.##.####
#. #.# #.##.)...


You could see a worm and an adder.

Vanquished Creatures
  2 adders (D:2)
  2 worms (D:2)
  2 giant geckos (D:1)
  3 giant cockroaches
  3 hobgoblins
  6 jackals
  4 bats
  4 giant newts
  12 goblins
  4 kobolds
  A quokka (D:2)
  5 rats
48 creatures vanquished.

Notes
Turn   | Place    | Note
--------------------------------------------------------------
     0 | D:1      | moxian the Human Wanderer began the quest for the Orb.
     0 | D:1      | moxian set off with: a +2 short sword, a +0 hand axe, a potion of curing, a +0 robe, a bread ration
     0 | D:1      | Reached XP level 1. HP: 18/18 MP: 1/1
   373 | D:1      | Reached XP level 2. HP: 24/24 MP: 2/2
   850 | D:1      | Reached XP level 3. HP: 14/29 MP: 3/3
  1780 | D:2      | Reached XP level 4. HP: 12/36 MP: 4/4
  1983 | D:2      | Found a basalt altar of Yredelemnul.
  2025 | D:2      | Noticed Robin
  2472 | D:2      | Found an iron altar of Okawaru.
  2524 | D:2      | HP: 1/37 [poisoned by an adder]
  2533 | D:2      | HP: 1/37 [adder (1)]
  2534 | D:2      | Succumbed to an adder's poison

Action                   |  1- 3 |  4- 6 || total
-------------------------+-------+-------++-------
Melee: Short sword       |    22 |       ||    22
       Hand axe          |   115 |   109 ||   224
 Fire: Hunting sling     |       |     2 ||     2
Throw: Stone             |       |     2 ||     2
  Use: Potion            |     1 |     1 ||     2
 Stab: Sleeping          |     3 |       ||     3
  Eat: Chunk             |     3 |     2 ||     5
